 Dungeon Crawl Stone Soup version 0.24-a0-375-g4de66ed42b (console) character file.

Game seed: 5576423417340875067

3306 Lexodia the Ruffian (level 9, -3/81 HPs)
             Began as a Troll Fighter on May 29, 2019.
             Was an Elder of Okawaru.
             Slain by a killer bee (8 damage)
             ... on level 8 of the Dungeon on May 31, 2019.
             The game lasted 00:15:28 (6727 turns).

Lexodia the Ruffian (Troll Fighter)                 Turns: 6727, Time: 00:15:28

Health: -3/81      AC:  8    Str: 28    XL:     9   Next: 70%
Magic:  11/11      EV:  9    Int:  4    God:    Okawaru [****..]
Gold:   352        SH: 10    Dex: 10    Spells: 7/8 levels left

rFire    . . .     SeeInvis .     - Unarmed
rCold    . . .     Gourm    +   b - +0 shield
rNeg     . . .     Faith    .   a - +0 robe
rPois    .         Spirit   .   (helmet restricted)
rElec    .         Reflect  .   p - +1 cloak
rCorr    .         Harm     .   (gloves unavailable)
MR       .....                  (boots unavailable)
Stlth    +.........             (no amulet)
HPRegen  0.63/turn              (no ring)
MPRegen  0.12/turn              (no ring)

@: lethally poisoned (-3 -> -5)
A: large, unfitting armour, claws 3, fast metabolism 3, gourmand, regeneration
1, shaggy fur 1, tough skin 3
a: Heroism, Renounce Religion


You were on level 8 of the Dungeon.
You worshipped Okawaru.
Okawaru was greatly pleased with you.
You were completely stuffed.

You visited 1 branch of the dungeon, and saw 8 of its levels.
You also visited: Ossuary.

You collected 352 gold pieces.

Inventory:

Missiles
 e - 167 stones
 k - 11 poisoned darts (quivered)
Armour
 a - a +0 robe (worn)
 b - a +0 shield (worn)
 p - a +1 cloak (worn)
Wands
 j - a wand of polymorph (2)
 r - a wand of scattershot (6)
 s - a wand of acid (7)
Scrolls
 h - 11 scrolls of teleportation
 q - a scroll of enchant armour
 u - 2 scrolls of amnesia
 v - a scroll of enchant weapon
 w - a scroll of magic mapping {unknown}
 y - 3 scrolls of identify
 z - a scroll of fear
 B - 3 scrolls of acquirement {unknown}
Potions
 c - 3 potions of might
 f - 2 potions of resistance
 g - 5 potions of haste
 i - 5 potions of curing
 l - 2 potions of lignification
 m - a potion of ambrosia
 n - a potion of magic
 o - a potion of heal wounds
 t - 3 potions of brilliance {unknown}
 x - a potion of agility {unknown}
Comestibles
 d - 17 rations


   Skills:
 - Level 3.0 Fighting
 * Level 6.5 Throwing
 - Level 1.0 Armour
 - Level 3.0 Dodging
 - Level 1.1 Stealth
 + Level 4.9 Shields
 * Level 7.5 Unarmed Combat
 + Level 4.1 Invocations
 + Level 3.0 Evocations


You had 7 spell levels left.
You knew the following spells:

 Your Spells              Type           Power        Failure   Level  Hunger
a - Apportation           Tloc           #.....       80%         1    ##.....

Your spell library contained the following spells:

 Spells                   Type           Power        Failure   Level  Hunger
 Animate Skeleton         Necr           N/A          80%         1    ##.....
 Confusing Touch          Hex            #.....       80%         1    ##.....
 Summon Small Mammal      Summ           #...         80%         1    ##.....
 Call Imp                 Summ           #.......     90%         2    ###....
 Call Canine Familiar     Summ           #.......     99%         3    ####...
 Summon Guardian Golem    Hex/Summ       #.......     99%         3    ####...
 Summon Ice Beast         Ice/Summ       #.......     100%        4    #####..
 Summon Lightning Spire   Summ/Air       #.......     100%        4    #####..


Dungeon Overview and Level Annotations

Branches:
Dungeon (8/15)             Temple (0/1) D:6
   Lair: D:8-11

Altars:
Nemelex Xobeh
Okawaru
The Shining One


Innate Abilities, Weirdness & Mutations

You are too large for most types of armour.
You have claws for hands.
Your metabolism is lightning-fast.
You like to eat raw meat.
Your natural rate of healing is unusually fast.
You are covered in fur. (AC +1)
You have extremely tough skin. (AC +3)


Message History

The poisoned dart completely misses the killer bee.
You block the killer bee's attack.
Throwing (i - inventory. (/) - cycle)
k - 13 poisoned darts (quivered)
Press: ? - help, Shift-Dir - straight line, f/p - killer bee
Aim: a killer bee You throw a poisoned dart.
The poisoned dart closely misses the killer bee.
You feel sick. The killer bee barely misses you. The killer bee stings you.
* * * LOW HITPOINT WARNING * * *
You are more poisoned.
The killer bee poisons you!
Huge Dmg: -7%(-6hp) hp: 18%(14hp) Throwing (i - inventory. (/) - cycle)
k - 12 poisoned darts (quivered)
Press: ? - help, Shift-Dir - straight line, f/p - killer bee
Aim: a killer bee You throw a poisoned dart.
The poisoned dart hits the killer bee.
The killer bee is poisoned.
You feel sick. The killer bee stings you!
* * * LOW HITPOINT WARNING * * *
The killer bee stings you!
You die...

...#.#...####
.......<....#
...#.####÷#.#
#[.....#.#
#.######.# #
######.#
#.#......#
#.#.##########
#>..y@........
###.##########
#.....#####
##.y......#
#........#
#........#
#........#
###....††#
###........PPP


You could see a killer bee.

Vanquished Creatures
  The ghost of ssgaztpd the Ruffian, a novice TrBe of Trog (D:6)
  A hippogriff (D:7)
  Menkaure (Ossuary)
  Edmund (D:6)
  A water moccasin (D:6)
  An ice beast (D:5)
  2 ogres
  3 centaurs
  A crocodile (D:8)
  A gnoll sergeant (D:5)
  5 bullfrogs
  A scorpion (D:4)
  4 killer bees (D:8)
  A howler monkey (D:4)
  4 crimson imps
  3 bullfrog zombies
  A centaur zombie (D:5)
  A quasit (D:6)
  2 hounds
  A jelly (D:7)
  5 orc wizards
  Crazy Yiuf (D:3)
  2 orc priests
  A centaur skeleton (D:6)
  Terence (D:4)
  A worker ant (D:4)
  Ijyb (D:5)
  3 mummies (Ossuary)
  A howler monkey zombie (D:5)
  2 worker ant zombies
  16 gnolls
  A howler monkey skeleton (D:6)
  9 adders
  A shadow imp (D:5)
  An adder zombie (D:5)
  3 adder skeletons
  2 worms
  2 leopard geckos
  26 orcs
  9 bats
  6 giant cockroaches
  9 goblins
  8 hobgoblins
  8 jackals
  6 quokkas
  3 frilled lizards
  7 gnoll skeletons (Ossuary)
  5 gnoll zombies (Ossuary)
  2 goblin skeletons (Ossuary)
  3 goblin zombies (Ossuary)
  5 hobgoblin skeletons (Ossuary)
  3 hobgoblin zombies (Ossuary)
  7 kobolds
  5 kobold skeletons (Ossuary)
  2 kobold zombies (Ossuary)
  A leopard gecko skeleton (D:7)
  3 orc skeletons (Ossuary)
  5 orc zombies (Ossuary)
  13 rats
  2 rat skeletons (Ossuary)
  7 rat zombies (Ossuary)
234 creatures vanquished.

Vanquished Creatures (others)
  A goblin skeleton (Ossuary)
  11 fungi (D:8)
  5 plants (D:8)
17 creatures vanquished.

Grand Total: 251 creatures vanquished

Notes
Turn   | Place    | Note
-------+----------+-------------------------------------------
     0 | D:1      | Lexodia the Troll Fighter began the quest for the Orb.
     0 | D:1      | Reached XP level 1. HP: 22/22 MP: 0/0
   253 | D:1      | Reached XP level 2. HP: 29/29 MP: 1/1
   578 | D:1      | Reached skill level 1 in Throwing
   601 | D:1      | Reached XP level 3. HP: 36/36 MP: 2/2
   699 | D:2      | Noticed Terence
   711 | D:2      | Huge Dmg: 7 dmg
   721 | D:2      | Huge Dmg: 7 dmg
  1269 | D:2      | Huge Dmg: 11 dmg
  1271 | D:2      | Huge Dmg: 9 dmg
  1456 | D:3      | Reached XP level 4. HP: 42/44 MP: 3/3
  1696 | D:3      | Found a runed translucent door.
  1697 | D:3      | Noticed Crazy Yiuf
  1731 | D:3      | Found an iron altar of Okawaru.
  1748 | D:3      | Became a worshipper of Warmaster Okawaru
  2050 | D:3      | Found a runed translucent door.
  2056 | D:3      | Huge Dmg: 10 dmg
  2058 | D:3      | Huge Dmg: 10 dmg
  2067 | D:3      | Killed Crazy Yiuf
  2067 | D:3      | Reached skill level 1 in Armour
  2099 | D:3      | Found an iron altar of Okawaru.
  2631 | D:4      | Found a sand-covered staircase.
  2680 | D:4      | Reached skill level 3 in Unarmed Combat
  2688 | D:4      | Huge Dmg: 16 dmg
  2695 | D:4      | Reached XP level 5. HP: 33/50 MP: 4/4
  2729 | Ossuary  | Entered an ossuary
  3120 | Ossuary  | Noticed Menkaure
  3127 | Ossuary  | Huge Dmg: 13 dmg
  3133 | Ossuary  | Killed Menkaure
  3133 | Ossuary  | Reached skill level 1 in Stealth
  3133 | Ossuary  | Reached XP level 6. HP: 31/61 MP: 5/5
  3142 | Ossuary  | Reached * piety under Okawaru
  3216 | D:4      | Reached skill level 1 in Invocations
  3328 | D:4      | Killed Terence
  3400 | D:4      | Found a glowing golden altar of the Shining One.
  3411 | D:4      | Reached skill level 4 in Unarmed Combat
  3430 | D:4      | Reached XP level 7. HP: 60/67 MP: 6/6
  3839 | D:5      | Entered Level 5 of the Dungeon
  3924 | D:5      | Huge Dmg: 16 dmg
  4090 | D:5      | Noticed Ijyb
  4100 | D:5      | Paralysed by Ijyb for 2 turns
  4111 | D:5      | Paralysed by Ijyb for 3 turns
  4115 | D:5      | Paralysed by Ijyb for 6 turns
  4124 | D:5      | Paralysed by Ijyb for 7 turns
  4133 | D:5      | Killed Ijyb
  4133 | D:5      | Reached skill level 1 in Evocations
  4282 | D:5      | Reached ** piety under Okawaru
  4285 | D:5      | Reached skill level 5 in Unarmed Combat
  4310 | D:5      | Reached XP level 8. HP: 61/75 MP: 8/8
  4838 | D:6      | Noticed Edmund
  4857 | D:6      | Killed Edmund
  4877 | D:6      | Found a staircase to the Ecumenical Temple.
  5070 | D:6      | Found a runed translucent door.
  5151 | D:6      | Reached skill level 5 in Throwing
  5177 | D:6      | Reached skill level 6 in Unarmed Combat
  5231 | D:6      | Reached *** piety under Okawaru
  5243 | D:6      | Noticed ssgaztpd's ghost (novice TrBe)
  5258 | D:6      | Killed ssgaztpd's ghost
  5258 | D:6      | Reached XP level 9. HP: 80/81 MP: 8/10
  5658 | D:7      | Reached **** piety under Okawaru
  5915 | D:7      | Huge Dmg: 13 dmg
  5917 | D:7      | Huge Dmg: 18 dmg
  5918 | D:7      | Huge Dmg: 11 dmg
  6064 | D:7      | Reached skill level 7 in Unarmed Combat
  6149 | D:7      | Learned a level 1 spell: Apportation
  6149 | D:7      | Upgraded the game from 0.24-a0-368-g0e0cebd0f3 to
                  | 0.24-a0-375-g4de66ed42b
  6222 | D:7      | Huge Dmg: 29 dmg
  6339 | D:7      | Found a sparkling altar of Nemelex Xobeh.
  6628 | D:8      | Huge Dmg: 22 dmg
  6707 | D:8      | Huge Dmg: 8 dmg
  6727 | D:8      | Huge Dmg: 6 dmg
  6727 | D:8      | Slain by a killer bee

Levels and vault maps discovered:
D:1:      psy_arrival_basics, layout_loops_ring, st_stairs_9
D:2:      layout_basic, first_ration, uniq_jessica, uniq_terence
D:3:      layout_basic, okawaru_altar_gauntlet_db, uniq_crazy_yiuf_cottage
D:4:      layout_loops_corners, tso_oasis_becter, nicolae_ossuary_entry_monument
D:5:      layout_basic, minmay_misc_feat_x, uniq_ijyb
D:6:      layout_basic, minmay_temple_entry_trees, ebering_ghost_sewer_d,
          uniq_edmund
D:7:      layout_loops_corners, lemuel_coloured_pillars_altar
D:8:      layout_basic, nicolae_ru_sacrificial_ziggurat, kennysheep_little_box,
          gammafunk_temple_overflow_wave, eat_drink_and_be_merry_uskayaw,
          due_lair_maze_entry_diamond

Skill      XL: |  1  2  3  4  5  6  7  8  9 |
---------------+----------------------------+-----
Throwing       | 1 2 3 4 5 6 |  6.5
Armour         | 1 |  1.0
Unarmed Combat | 3 4 5 6 7 |  7.5
Shields        | 3 4 |  4.9
Fighting       | 3 |  3.0
Stealth        | 1 |  1.1
Dodging        | 3 |  3.0
Invocations    | 1 2 3 4 |  4.1
Evocations     | 1 2 3 |  3.0

Action                   |  1- 3 |  4- 6 |  7- 9 || total
-------------------------+-------+-------+-------++-------
Melee: Unarmed           |   192 |   187 |   393 ||   772
Throw: Stone             |       |     7 |    17 ||    24
       Dart              |       |       |     4 ||     4
Invok: Heroism           |       |       |     4 ||     4
Evoke: Wand              |       |       |     1 ||     1
  Use: Scroll            |       |    11 |     5 ||    16
 Stab: Sleeping          |     1 |       |     1 ||     2
  Eat: Chunk             |    19 |    12 |    37 ||    68
Armor: Robe              |    68 |    54 |   113 ||   235
       Skin              |     1 |       |       ||     1
Dodge: Dodged            |    65 |    37 |   137 ||   239
Block: Shield            |    75 |    65 |   195 ||   335

Table legend:
 A = Non-vault XP
 B = Vault XP
 C = Vault XP percentage of total XP
 D = Non-vault monster count
 E = Vault monster count
 F = Vault count percentage of total count
                 A         B        C        D         E       F
            +---------+---------+-------+---------+---------+-------
      Total |    3535 |    1188 |  25.2 |     164 |      68 |  29.3
            +---------+---------+-------+---------+---------+-------
        D:1 |      40 |       4 |   9.1 |      25 |       3 |  10.7
        D:2 |      48 |       0 |   0.0 |      14 |       0 |   0.0
        D:3 |      17 |      67 |  79.8 |      12 |       7 |  36.8
        D:4 |     305 |      36 |  10.6 |      12 |       1 |   7.7
        D:5 |     983 |      33 |   3.2 |      38 |       1 |   2.6
        D:6 |     776 |     774 |  49.9 |      31 |       5 |  13.9
        D:7 |     945 |       0 |   0.0 |      21 |       0 |   0.0
        D:8 |     421 |       0 |   0.0 |      11 |       0 |   0.0
    Ossuary |       0 |     274 | 100.0 |       0 |      51 | 100.0
            +---------+---------+-------+---------+---------+-------
